[Event "EYCC O18-ch 2024"]
[Site "Prague"]
[Date "2024.08.28"]
[Round "6.11"]
[White "Gasparyan, Erik R."]
[Black "Kreken, Eivind Grunt"]
[Result "1/2-1/2"]
[ECO "C77"]
[WhiteElo "2350"]
[BlackElo "2294"]
[Annotator "RC"]
[PlyCount "110"]
[EventDate "2024.08.19"]
[EventType "swiss"]
[EventCountry "CZE"]
[SourceTitle "playchess.com"]
[Source "ChessBase"]
[SourceQuality "1"]
[TimeControl "5400+30"]

1. e4 e5 2. Nf3 Nc6 3. Bb5 a6 4. Ba4 Nf6 5. Nc3 b5 6. Bb3 Be7 7. O-O O-O 8. a4 b4 9. Nd5 Bd6 10. d4 Nxd5 11. Bxd5 Rb8 12. Bxc6 dxc6 13. dxe5 Bc5 14. h3 h6 15. Qe2 Qe7 16. Bf4 a5 17. Rfd1 Be6 18. Nd4 Bxd4 19. Rxd4 Rfd8 20. Rxd8+ Rxd8 21. Be3 b3 22. c3 Qd7 23. Qa6 Qd3 24. Qxd3 Rxd3 25. Kf1 Bc4 26. Ke1 Kf8 27. h4 h5 28. Bc5+ Ke8 29. f3 Kd7 30. Rd1 Rxd1+ 31. Kxd1 Ke6 32. Kd2 g6 33. f4 Ba6 34. Ke3 Bc4 35. Kd4 Be2 36. g3 Bf1 37. c4 Bg2 38. Kd3 Bf1+ 39. Kc3 Bg2 40. Kxb3 Bxe4 41. Kc3 Kd7 42. Be3 Kc8 43. Bd2 Kb7 44. Kd4 Bc2 45. Bxa5 Bxa4 46. e6 fxe6 47. Ke5 Bb3 48. Kxe6 Bxc4+ 49. Kf6 Bd3 50. Kg5 Kc8 51. Bc3 Kd7 52. Be5 Ke6 53. Bxc7 Bf5 54. Be5 Kf7 55. Bd4 Bd7 1/2-1/2

[Event "EYCC O18-ch 2024"]
[Site "Prague"]
[Date "2024.08.28"]
[Round "6.11"]
[White "Jackson, Edward"]
[Black "Baranciuc, Alexandr"]
[Result "0-1"]
[ECO "C72"]
[WhiteElo "2156"]
[BlackElo "2332"]
[Annotator "RC"]
[PlyCount "102"]
[EventDate "2024.08.19"]
[EventType "swiss"]
[EventCountry "CZE"]
[SourceTitle "playchess.com"]
[Source "ChessBase"]
[SourceQuality "1"]
[TimeControl "5400+30"]

1. e4 e5 2. Nf3 Nc6 3. Bb5 a6 4. Ba4 d6 5. O-O Bd7 6. d4 b5 7. Bb3 Nxd4 8. Nxd4 exd4 9. c3 d3 10. Qxd3 Nf6 11. Bg5 Be7 12. Nd2 h6 13. Bh4 O-O 14. Bc2 g6 15. f4 Nh5 16. Bxe7 Qxe7 17. Rae1 Rfe8 18. Qf3 Nf6 19. e5 dxe5 20. fxe5 Nh7 21. Ne4 Rad8 22. Qf4 Bf5 23. Bb3 Kg7 24. Ng3 Be6 25. h4 Rd7 26. h5 Qg5 27. Qxg5 Nxg5 28. hxg6 fxg6 29. Ne4 Nxe4 30. Bxe6 Rxe6 31. Rxe4 h5 32. a4 Rd5 33. Rfe1 g5 34. c4 bxc4 35. Rxc4 c5 36. b4 cxb4 37. Rxb4 Rdxe5 38. Rxe5 Rxe5 39. Rb6 Ra5 40. Rb4 Kf6 41. Kf2 Re5 42. Rb6+ Re6 43. Rb8 Kf5 44. Kf3 h4 45. Rb4 Rc6 46. Kf2 Rc2+ 47. Kg1 g4 48. Kf1 Rc1+ 49. Ke2 h3 50. gxh3 gxh3 51. Rh4 h2 0-1

[Event "EYCC O18-ch 2024"]
[Site "Prague"]
[Date "2024.08.28"]
[Round "6.12"]
[White "Slagboom, Leandro"]
[Black "Valiyev, Shahin"]
[Result "1-0"]
[ECO "B23"]
[WhiteElo "2331"]
[BlackElo "2245"]
[Annotator "RC"]
[PlyCount "161"]
[EventDate "2024.08.19"]
[EventType "swiss"]
[EventCountry "CZE"]
[SourceTitle "playchess.com"]
[Source "ChessBase"]
[SourceQuality "1"]
[TimeControl "5400+30"]

1. e4 c5 2. Nc3 d6 3. d4 cxd4 4. Qxd4 Nc6 5. Qd2 g6 6. b3 Bh6 7. f4 Nf6 8. Bb2 O-O 9. O-O-O a5 10. a4 Nb4 11. Nf3 Bg4 12. Bc4 Rc8 13. Qe3 Rxc4 14. bxc4 Qc7 15. c5 Qxc5 16. Qxc5 Bxf4+ 17. Kb1 dxc5 18. Rhe1 Be6 19. Bc1 Bxc1 20. Kxc1 h6 21. Ne5 Rc8 22. h3 Kg7 23. Kb2 Ne8 24. Nb5 Nc7 25. Na3 Nc6 26. Nd3 c4 27. Nf4 Ne5 28. Kc3 g5 29. Nxe6+ Nxe6 30. Rd5 f6 31. Rxa5 Nc5 32. Nb5 Kf7 33. Nd4 h5 34. Rb5 Nxa4+ 35. Kb4 Nb2 36. Rf1 c3 37. Rxe5 Rc4+ 38. Kb3 Rxd4 39. Kxc3 Rd1 40. Ref5 Na4+ 41. Kc4 Nb6+ 42. Kb5 Rxf1 43. Rxf1 Nd7 44. Kc4 Ke6 45. Kd4 Kd6 46. h4 Nc5 47. hxg5 Ne6+ 48. Kc4 Nxg5 49. Kd3 Ne6 50. g3 Ng7 51. Ke3 Ne6 52. Rh1 Ng7 53. Rd1+ Kc7 54. Kf4 Kc6 55. Ra1 Kd7 56. Ra7 Ne6+ 57. Ke3 Nd8 58. c3 Kc7 59. Kf4 Ne6+ 60. Kf5 Nc5 61. Ra1 b5 62. Rh1 Na4 63. Rc1 Nc5 64. Rh1 Na4 65. Ke6 Nxc3 66. Rc1 b4 67. Kxe7 Kb6 68. Re1 b3 69. Kxf6 b2 70. e5 b1=Q 71. Rxb1+ Nxb1 72. e6 Nc3 73. e7 Nd5+ 74. Kf7 Nc7 75. e8=Q Nxe8 76. Kxe8 Kc7 77. Ke7 Kc8 78. Kf6 Kd8 79. Kg6 h4 80. gxh4 Ke7 81. Kg7 1-0

[Event "EYCC O18-ch 2024"]
[Site "Prague"]
[Date "2024.08.28"]
[Round "6.12"]
[White "Serrano Almendros, Angel"]
[Black "Bakija, Alan"]
[Result "0-1"]
[ECO "C26"]
[WhiteElo "2310"]
[BlackElo "2171"]
[Annotator "RC"]
[PlyCount "132"]
[EventDate "2024.08.19"]
[EventType "swiss"]
[EventCountry "CZE"]
[SourceTitle "playchess.com"]
[Source "ChessBase"]
[SourceQuality "1"]
[TimeControl "5400+30"]

1. e4 e5 2. Nc3 Nf6 3. d4 exd4 4. Qxd4 Nc6 5. Qd3 d5 6. Bg5 d4 7. Bxf6 gxf6 8. Nd5 f5 9. Qf3 fxe4 10. Nf6+ Ke7 11. Nxe4 Bg7 12. O-O-O Be6 13. Qa3+ Ke8 14. Nf3 Qe7 15. Qa4 Kf8 16. Bb5 Bd5 17. Ng3 Qc5 18. a3 Re8 19. Kb1 a6 20. Bxc6 Bxc6 21. Qb3 h5 22. h4 Bd5 23. Qd3 Bc4 24. Qd2 Rh6 25. Qg5 Qb6 26. Nxh5 Rg6 27. Qc1 Bh6 28. Nf4 Rxg2 29. Ng5 Rxf2 30. Rhg1 Re3 31. Nd3 Rh2 32. Rh1 Rxh1 33. Rxh1 Qb5 34. Ka1 Bxg5 35. hxg5 Qxg5 36. Qd2 Bxd3 37. cxd3 a5 38. Qh2 Qe5 39. Qf2 Ke7 40. Qh4+ Kd7 41. Qg4+ Kd6 42. Qh4 f6 43. Rf1 Kc5 44. Ka2 Qd5+ 45. Ka1 Rf3 46. Rc1+ Kb6 47. Qh7 Qe5 48. Rc4 Rf1+ 49. Ka2 Rd1 50. Rc2 Qe6+ 51. Rc4 Qe5 52. Rc2 Re1 53. Rc4 Re2 54. Qd7 Re3 55. Rxd4 Qe6+ 56. Rd5 Qxd7 57. Rxd7 Re6 58. Rf7 a4 59. Kb1 Kc6 60. Kc2 Kd6 61. Kc3 b5 62. Kb4 c6 63. Kc3 Ke5 64. Kd2 Kf4 65. d4 Ke4 66. Kc3 Rd6 0-1

[Event "EYCC O18-ch 2024"]
[Site "Prague"]
[Date "2024.08.28"]
[Round "6.13"]
[White "Shamatava, Nikolozi"]
[Black "Garcia Fernandez, Victor"]
[Result "0-1"]
[ECO "B34"]
[WhiteElo "2196"]
[BlackElo "2313"]
[Annotator "RC"]
[PlyCount "93"]
[EventDate "2024.08.19"]
[EventType "swiss"]
[EventCountry "CZE"]
[SourceTitle "playchess.com"]
[Source "ChessBase"]
[SourceQuality "1"]
[TimeControl "5400+30"]

1. e4 c5 2. Nf3 g6 3. d4 cxd4 4. Nxd4 Nc6 5. Nxc6 bxc6 6. Qd4 Nf6 7. e5 Nd5 8. c4 Qb6 9. Qxb6 Nxb6 10. Nc3 Bg7 11. c5 Nd5 12. Nxd5 cxd5 13. Bf4 f6 14. exf6 Bxf6 15. Rb1 O-O 16. g3 Bb7 17. Bh3 Bc6 18. O-O e5 19. Bd2 a5 20. a3 a4 21. Rfd1 Rab8 22. Bg2 Rfe8 23. Ba5 d4 24. Bb6 d5 25. b4 axb3 26. a4 e4 27. a5 d3 28. a6 b2 29. a7 Ra8 30. Rd2 Bc3 31. Rdxb2 Bxb2 32. Rxb2 d4 33. Kf1 g5 34. Ke1 g4 35. Bf1 Re7 36. Rb4 Rd7 37. Rb2 Kf7 38. Ra2 Ke6 39. Bg2 Ke5 40. Ra3 d2+ 41. Kd1 Rf7 42. Bf1 Rxf2 43. Bc4 e3 44. Bc7+ Kf5 45. Bd3+ Be4 46. Bb8 Bxd3 47. Rxd3 0-1

[Event "EYCC O18-ch 2024"]
[Site "Prague"]
[Date "2024.08.28"]
[Round "6.13"]
[White "Dogias, Christos"]
[Black "Paseka, Matyas"]
[Result "1-0"]
[ECO "B51"]
[WhiteElo "2047"]
[BlackElo "2281"]
[Annotator "RC"]
[PlyCount "77"]
[EventDate "2024.08.19"]
[EventType "swiss"]
[EventCountry "CZE"]
[SourceTitle "playchess.com"]
[Source "ChessBase"]
[SourceQuality "1"]
[TimeControl "5400+30"]

1. e4 c5 2. Nf3 d6 3. Bb5+ Nd7 4. c3 Ngf6 5. Bd3 b6 6. O-O Bb7 7. Re1 e5 8. Bc2 Be7 9. d4 O-O 10. d5 Ne8 11. c4 Kh8 12. Nc3 g6 13. g3 Ng7 14. h4 Nf6 15. Nh2 Qd7 16. a4 Nfh5 17. Bh6 Rg8 18. Nf3 Raf8 19. Ng5 a5 20. Bd3 Bc8 21. Be2 Nf6 22. Ra3 Bd8 23. Bf1 Qe7 24. Bh3 Bxh3 25. Nxh3 Re8 26. Nb5 Rgf8 27. Bg5 Qd7 28. Bxf6 Bxf6 29. Kg2 h6 30. Rae3 Bd8 31. Qe2 Kh7 32. b3 f5 33. f4 Bf6 34. exf5 gxf5 35. Nxd6 e4 36. Nxe8 Nxe8 37. Qh5 Kg7 38. g4 Nd6 39. Rg3 1-0

[Event "EYCC O18-ch 2024"]
[Site "Prague"]
[Date "2024.08.28"]
[Round "6.14"]
[White "Dehtiarov, Roman"]
[Black "Backiel, Hubert"]
[Result "1-0"]
[ECO "D31"]
[WhiteElo "2308"]
[BlackElo "2216"]
[Annotator "RC"]
[PlyCount "49"]
[EventDate "2024.08.19"]
[EventType "swiss"]
[EventCountry "CZE"]
[SourceTitle "playchess.com"]
[Source "ChessBase"]
[SourceQuality "1"]
[TimeControl "5400+30"]

1. d4 d5 2. c4 e6 3. Nc3 c6 4. e4 dxe4 5. Nxe4 Bb4+ 6. Bd2 Qxd4 7. Bxb4 Qxe4+ 8. Be2 Na6 9. Bd6 Qxg2 10. Qd2 Bd7 11. O-O-O Nf6 12. Bf3 Qg6 13. Ne2 Ne4 14. Bxe4 Qxe4 15. Bc7 Qxc4+ 16. Nc3 Nc5 17. Qd6 Rc8 18. Rd4 Qa6 19. Ne4 Qb5 20. Nxc5 Rxc7 21. a4 Qa5 22. b4 Qb6 23. Nxd7 Qa6 24. Nf6+ gxf6 25. Qd8# 1-0

[Event "EYCC O18-ch 2024"]
[Site "Prague"]
[Date "2024.08.28"]
[Round "6.14"]
[White "Seidl, Jan"]
[Black "Trushko, Andrii"]
[Result "1/2-1/2"]
[ECO "D30"]
[WhiteElo "2276"]
[BlackElo "2154"]
[Annotator "RC"]
[PlyCount "95"]
[EventDate "2024.08.19"]
[EventType "swiss"]
[EventCountry "CZE"]
[SourceTitle "playchess.com"]
[Source "ChessBase"]
[SourceQuality "1"]
[TimeControl "5400+30"]

1. d4 d5 2. c4 c6 3. Nf3 Nf6 4. e3 e6 5. Nbd2 Nbd7 6. b3 b6 7. Bd3 Bb7 8. Bb2 Be7 9. e4 dxe4 10. Nxe4 Nxe4 11. Bxe4 Nf6 12. Bc2 O-O 13. Qd3 Bb4+ 14. Kf1 Qe7 15. Ng5 g6 16. h4 Ba3 17. Bxa3 Qxa3 18. h5 Qa5 19. Qg3 Qd2 20. Nxh7 Nxh7 21. hxg6 Qxc2 22. Rxh7 fxg6 23. Rxb7 Rxf2+ 24. Qxf2 Rf8 25. Qxf8+ Kxf8 26. Kg1 Qd2 27. Rf1+ Kg8 28. Rxa7 Qxd4+ 29. Kh1 b5 30. Ra8+ Kg7 31. cxb5 cxb5 32. a4 Qd5 33. Raf8 Qxb3 34. axb5 Qxb5 35. R8f7+ Kh6 36. R7f3 Qe5 37. Kg1 g5 38. Kf2 Qb2+ 39. Kg3 Qe5+ 40. Kf2 Kh5 41. Re1 Qd4+ 42. Rfe3 g4 43. Kf1 Kh4 44. Rxe6 Qf4+ 45. Kg1 Qd4+ 46. Kf1 Qf4+ 47. Kg1 Qd4+ 48. Kf1 1/2-1/2

[Event "EYCC O18-ch 2024"]
[Site "Prague"]
[Date "2024.08.28"]
[Round "6.15"]
[White "Zlatkov, Anton"]
[Black "Kusiak, Mateusz"]
[Result "0-1"]
[ECO "A06"]
[WhiteElo "2297"]
[BlackElo "1887"]
[Annotator "RC"]
[PlyCount "92"]
[EventDate "2024.08.19"]
[EventType "swiss"]
[EventCountry "CZE"]
[SourceTitle "playchess.com"]
[Source "ChessBase"]
[SourceQuality "1"]
[TimeControl "5400+30"]

1. Nf3 d5 2. g3 Nf6 3. Bg2 c6 4. c4 dxc4 5. O-O Nbd7 6. Na3 Nb6 7. Qc2 g6 8. Nxc4 Nxc4 9. Qxc4 Bg7 10. d3 O-O 11. Bd2 a5 12. e4 Ne8 13. d4 Nd6 14. Qd3 Nb5 15. Be3 Nxd4 16. Nxd4 e5 17. Rfd1 exd4 18. Bxd4 Qxd4 19. Qxd4 Bxd4 20. Rxd4 Be6 21. a3 Rfd8 22. Rad1 Rxd4 23. Rxd4 Kf8 24. f4 Ke7 25. Kf2 c5 26. Rd2 Ra6 27. f5 Bd7 28. g4 Rd6 29. Rxd6 Kxd6 30. fxg6 fxg6 31. g5 Ke5 32. Ke3 Bc6 33. h4 b6 34. Bf3 b5 35. Be2 c4 36. Bf3 a4 37. Kd2 Bxe4 38. Bg4 Bc6 39. Kc3 Kf4 40. Be6 Kg3 41. Bg8 Kxh4 42. Bxh7 Kxg5 43. Kd4 Kf6 44. Bg8 g5 45. Kc5 Be8 46. Bd5 Ke5 0-1

[Event "EYCC O18-ch 2024"]
[Site "Prague"]
[Date "2024.08.28"]
[Round "6.15"]
[White "Bokhnak, Timofey"]
[Black "Sheahan, Ben"]
[Result "1-0"]
[ECO "C05"]
[WhiteElo "2273"]
[BlackElo "2043"]
[Annotator "RC"]
[PlyCount "87"]
[EventDate "2024.08.19"]
[EventType "swiss"]
[EventCountry "CZE"]
[SourceTitle "playchess.com"]
[Source "ChessBase"]
[SourceQuality "1"]
[TimeControl "5400+30"]

1. e4 e6 2. d4 d5 3. Nd2 Nf6 4. e5 Nfd7 5. f4 c5 6. c3 Nc6 7. Ndf3 Qb6 8. a3 a5 9. b3 Be7 10. h4 f6 11. Bd3 O-O 12. Bxh7+ Kxh7 13. Ng5+ Kh6 14. Nxe6 f5 15. g4 Nd8 16. Nxf8 Nxf8 17. Ra2 Kh7 18. gxf5 Qh6 19. f6 gxf6 20. f5 Qg7 21. Qh5+ Kg8 22. Qf3 Kh8 23. e6 Qh7 24. Rg2 cxd4 25. cxd4 a4 26. b4 Nc6 27. Ne2 Nxb4 28. axb4 Bxb4+ 29. Kf1 a3 30. Rhg1 a2 31. Rg8+ Qxg8 32. Rxg8+ Kxg8 33. Bb2 Ra3 34. Qg4+ Kh8 35. Qh5+ Nh7 36. Qe8+ Kg7 37. Qxc8 Rb3 38. Qc2 Rf3+ 39. Kg2 Re3 40. Qc7+ Kg8 41. Qf7+ Kh8 42. Nc1 Ba3 43. Qxb7 Re1 44. Qa8+ 1-0

[Event "EYCC O18-ch 2024"]
[Site "Prague"]
[Date "2024.08.28"]
[Round "6.16"]
[White "Bermudez Ureba, Juan Diego"]
[Black "Vergara Anton, Diego"]
[Result "1/2-1/2"]
[ECO "B15"]
[WhiteElo "2183"]
[BlackElo "2416"]
[Annotator "RC"]
[PlyCount "117"]
[EventDate "2024.08.19"]
[EventType "swiss"]
[EventCountry "CZE"]
[SourceTitle "playchess.com"]
[Source "ChessBase"]
[SourceQuality "1"]
[TimeControl "5400+30"]

1. e4 c6 2. d4 d5 3. Nc3 dxe4 4. Nxe4 Nf6 5. Nxf6+ exf6 6. Be3 Bd6 7. Bd3 Na6 8. c3 Nc7 9. Ne2 Nd5 10. Bd2 Be6 11. O-O Qc7 12. Kh1 Ne7 13. c4 Qd7 14. Qc2 Rd8 15. Rae1 h5 16. f4 Bg4 17. Ng3 O-O 18. Bc3 Rfe8 19. Ne4 Bf5 20. Nxd6 Bxd3 21. Qxd3 Qxd6 22. f5 c5 23. Re4 cxd4 24. Rxd4 Qc7 25. Re1 Rxd4 26. Qxd4 Rd8 27. Qxa7 Qd7 28. Qf2 Nxf5 29. Rf1 Nd6 30. Qd4 Nf5 31. Qxd7 Rxd7 32. Re1 Rc7 33. b3 b5 34. Ba5 Ra7 35. b4 bxc4 36. Re8+ Kh7 37. Rc8 Rd7 38. g3 Rd1+ 39. Kg2 Rd2+ 40. Kf3 Rxa2 41. Rxc4 Rxh2 42. b5 Rb2 43. b6 Rb3+ 44. Kf2 Rb5 45. Rb4 Rxb4 46. Bxb4 Nd4 47. b7 Nc6 48. Bd6 Kg6 49. b8=Q Nxb8 50. Bxb8 Kg5 51. Kf3 h4 52. gxh4+ Kxh4 53. Kf4 Kh5 54. Kf5 Kh6 55. Bd6 Kh5 56. Be7 g5 57. Kxf6 g4 58. Bd6 Kh4 59. Kxf7 1/2-1/2

[Event "EYCC O18-ch 2024"]
[Site "Prague"]
[Date "2024.08.28"]
[Round "6.16"]
[White "Thorisson, Benedikt"]
[Black "Sachilaru, Alexandru"]
[Result "0-1"]
[ECO "B11"]
[WhiteElo "2057"]
[BlackElo "2255"]
[Annotator "RC"]
[PlyCount "62"]
[EventDate "2024.08.19"]
[EventType "swiss"]
[EventCountry "CZE"]
[SourceTitle "playchess.com"]
[Source "ChessBase"]
[SourceQuality "1"]
[TimeControl "5400+30"]

1. e4 c6 2. Nf3 d5 3. Nc3 Bg4 4. h3 Bxf3 5. Qxf3 e6 6. d4 dxe4 7. Qxe4 Nf6 8. Qd3 Bd6 9. Be3 O-O 10. g3 Nbd7 11. Bg2 Re8 12. Rd1 Qc7 13. O-O Rad8 14. Ne4 Nxe4 15. Bxe4 h6 16. c4 Nf6 17. Bg2 Rd7 18. Qb1 Red8 19. b4 Bf8 20. a4 a5 21. b5 Bb4 22. Bf4 Qc8 23. Be5 cxb5 24. cxb5 Nd5 25. Rc1 Nc3 26. Qb2 f6 27. Bf4 Rxd4 28. Rc2 Qc4 29. Bxb7 Rd1 30. Bg2 Rxf1+ 31. Bxf1 Rd1 0-1

[Event "EYCC O18-ch 2024"]
[Site "Prague"]
[Date "2024.08.28"]
[Round "6.17"]
[White "Klimkowski, Jan"]
[Black "Szikszai, Bertalan"]
[Result "1-0"]
[ECO "B95"]
[WhiteElo "2508"]
[BlackElo "2278"]
[Annotator "TA"]
[PlyCount "117"]
[EventDate "2024.08.19"]
[EventType "swiss"]
[EventCountry "CZE"]
[SourceTitle "playchess.com"]
[Source "ChessBase"]
[SourceQuality "1"]
[TimeControl "5400+30"]

1. e4 c5 2. Nf3 d6 3. d4 cxd4 4. Nxd4 Nf6 5. Nc3 a6 6. Bg5 e6 7. Qf3 Be7 8. O-O-O Qc7 9. g4 Nbd7 10. Bd2 h6 11. Qh3 Nc5 12. Bg2 $1 g6 13. f4 {[%emt 0:04:58][%cal Oe4e5] And now e5! would win.} (13. Bxh6 Ng8 14. Qg3 Nxh6 $17) 13... e5 {[%emt 0:13:32][%cal Oc8g4] [#]} 14. Nf5 $1 gxf5 15. exf5 Bxf5 16. gxf5 O-O-O (16... e4 $1 $14) 17. Nd5 Nxd5 18. Bxd5 {[%emt 0:00:07] f6+ is the strong threat.} Bf6 19. Qa3 Kb8 20. Ba5 b6 21. Bd2 {[%emt 0:02:57] Hoping for b4.} Ka7 (21... Rc8 $142) 22. Kb1 Rc8 23. Rhe1 Rhe8 24. Bc3 Re7 25. Bc4 (25. Qb4 $16) 25... Bh4 $14 26. Rf1 Ne4 27. Qxa6+ Kb8 28. Bb3 {[%emt 0:04:34] Bb4 would now be deadly.} Nxc3+ 29. bxc3 Bf6 30. Rd5 {[%emt 0:01:47] Strongly threatening Rb5.} Qb7 (30... Qc6 $1 $14) 31. Qxb7+ $18 Rxb7 32. Rxd6 Be7 33. Rxh6 exf4 34. Bd5 (34. Rxf4 Bg5 35. Rfh4 Bxh4 36. Rxh4 Rxc3 $11) (34. Bxf7 Bf8 35. Rh7 Rcc7 36. Rxf4 Rxf7 37. Rxf7 Rxf7 $15) 34... Rd7 35. Bxf7 Rxc3 36. Rxb6+ (36. Be6 $18 Rd8 37. f6 (37. Rxf4 Bg5 $11)) 36... Kc7 $16 37. Ra6 Kb7 38. Ra4 Rd2 (38... Bf6 $16 {was called for.}) 39. Bb3 (39. Rfxf4 Rcxc2 40. Bb3 Rb2+ 41. Kc1 Rxh2 $11) 39... f3 40. Rf4 (40. Re4 $142 Ba3 41. Ra4) 40... Bf6 (40... Ba3 $16) 41. Kc1 $18 (41. R4xf3 $2 {perishes.} Rxf3 (41... Rxh2 $2 {too greedy.} 42. Rxc3 Bxc3 43. f6 $18) 42. Kc1 Rff2 (42... Rxf1+ $2 43. Kxd2 Rxf5 44. h3 $19) 43. Rxf2 Rxf2 $19) 41... Rdd3 {[%emt 0:00:35] [#]} (41... Rxh2 $142 42. R4xf3 Rxf3 43. Rxf3 Kc7) 42. R4xf3 $3 Rxf3 43. Bd5+ Kc7 44. Rxf3 {[%emt 0:02:12][%mdl 4096] Endgame. KRB-KRB} Rc5 45. Be6 Kd6 46. Rd3+ Ke5 47. c4 Ke4 48. Rd7 Ra5 49. Kb1 Bd4 $2 {[%emt 0:01:35] [#]} (49... Ke3 50. Rd5 Ra7) 50. Rxd4+ $1 Kxd4 {[%emt 0:00:05] KR-KB} 51. f6 Kc3 52. f7 Re5 53. a4 {[%emt 0:01:21] Intending Ka2 and mate.} (53. f8=B $2 Re1#) 53... Re1+ 54. Ka2 Re2+ 55. Ka3 Re1 56. c5 (56. f8=B $2 Ra1#) 56... Ra1+ 57. Ba2 Rf1 58. c6 Rf4 59. c7 1-0

[Event "EYCC O18-ch 2024"]
[Site "Prague"]
[Date "2024.08.28"]
[Round "6.18"]
[White "Pyrih, Roman"]
[Black "Ristic, Luka"]
[Result "0-1"]
[ECO "C41"]
[WhiteElo "2422"]
[BlackElo "2274"]
[Annotator "RC"]
[PlyCount "116"]
[EventDate "2024.08.19"]
[EventType "swiss"]
[EventCountry "CZE"]
[SourceTitle "playchess.com"]
[Source "ChessBase"]
[SourceQuality "1"]
[TimeControl "5400+30"]

1. e4 d6 2. d4 Nf6 3. Nc3 e5 4. Nf3 Nbd7 5. Rg1 c6 6. g4 h6 7. h4 exd4 8. Nxd4 Ne5 9. g5 hxg5 10. hxg5 Nfg4 11. Be2 Qb6 12. f4 Nh2 13. Rg3 Nhg4 14. Rg1 Nh2 15. fxe5 dxe5 16. Be3 Rh3 17. Qd2 Rxe3 18. Qxe3 exd4 19. Qg3 Qxb2 20. Rb1 Qxc2 21. Qxh2 Qxc3+ 22. Kd1 d3 23. Bg4 Bd6 24. Qd2 Qd4 25. Rg2 Qxe4 26. Qe1 Bxg4+ 27. Rxg4 Qxe1+ 28. Kxe1 O-O-O 29. Ra4 a6 30. Rb3 Be7 31. Rg4 Rd5 32. g6 fxg6 33. Rxg6 d2+ 34. Kd1 Bf6 35. Rbg3 Kc7 36. Rg2 Bc3 37. R6g3 Rc5 38. Rg5 Rxg5 39. Rxg5 b5 40. Kc2 b4 41. Rf5 Kb6 42. Rf8 a5 43. Rb8+ Kc5 44. Ra8 Kb5 45. Rb8+ Ka4 46. Rc8 Ka3 47. Rxc6 Kxa2 48. Rd6 a4 49. Rd5 a3 50. Rd8 g5 51. Rd7 g4 52. Rd3 g3 53. Rxg3 b3+ 54. Kd1 b2 55. Rxc3 b1=Q+ 56. Kxd2 Qb2+ 57. Kd3 Qxc3+ 58. Kxc3 Kb1 0-1

[Event "EYCC O18-ch 2024"]
[Site "Prague"]
[Date "2024.08.29"]
[Round "7.1"]
[White "Stalmach, Richard"]
[Black "Sahakyan, Aleks"]
[Result "0-1"]
[ECO "A40"]
[WhiteElo "2443"]
[BlackElo "2287"]
[Annotator "RC"]
[PlyCount "74"]
[EventDate "2024.08.19"]
[EventType "swiss"]
[EventCountry "CZE"]
[SourceTitle "playchess.com"]
[Source "ChessBase"]
[SourceQuality "1"]
[TimeControl "5400+30"]

1. d4 Nf6 2. c4 e6 3. g3 Bb4+ 4. Nd2 c5 5. a3 Bxd2+ 6. Qxd2 cxd4 7. Nf3 Nc6 8. Bg2 e5 9. b4 d6 10. Bb2 O-O 11. O-O Qb6 12. Rac1 a5 13. b5 Ne7 14. e3 dxe3 15. Qxe3 Qxe3 16. fxe3 Nf5 17. Rfd1 Be6 18. Ng5 Nxe3 19. Rxd6 Bxc4 20. b6 Ba6 21. Bxe5 Nxg2 22. Kxg2 Ng4 23. Bd4 Rae8 24. h3 Re2+ 25. Kg1 Ne3 26. g4 h6 27. Nf3 Rg2+ 28. Kh1 Rg3 29. Ne5 f6 30. Ng6 Re8 31. Kh2 Rg2+ 32. Kh1 Rd2 33. Rc7 Bd3 34. Nf4 Nf5 35. Re6 Rxe6 36. Nxe6 Be4+ 37. Kg1 Nxd4 0-1

[Event "EYCC O18-ch 2024"]
[Site "Prague"]
[Date "2024.08.29"]
[Round "7.1"]
[White "Vergara Anton, Diego"]
[Black "Stevik, Patrik"]
[Result "1/2-1/2"]
[ECO "D34"]
[WhiteElo "2416"]
[BlackElo "2244"]
[Annotator "RC"]
[PlyCount "58"]
[EventDate "2024.08.19"]
[EventType "swiss"]
[EventCountry "CZE"]
[SourceTitle "playchess.com"]
[Source "ChessBase"]
[SourceQuality "1"]
[TimeControl "5400+30"]

1. d4 d5 2. Nf3 c5 3. c4 e6 4. cxd5 exd5 5. Nc3 Nf6 6. g3 Nc6 7. Bg2 Be7 8. O-O O-O 9. dxc5 Bxc5 10. a3 a5 11. Bf4 Be6 12. Rc1 Rc8 13. Ne5 Re8 14. Nxc6 bxc6 15. h3 Ba7 16. e3 Qd7 17. g4 Qb7 18. Rc2 d4 19. g5 dxc3 20. gxf6 cxb2 21. Qb1 Qb5 22. Rxb2 Qh5 23. Kh2 g5 24. Bg3 Bxh3 25. Bxh3 g4 26. Rh1 Rxe3 27. Kg2 Qd5+ 28. Kh2 Qh5 29. Kg2 Qd5+ 1/2-1/2

[Event "EYCC O18-ch 2024"]
[Site "Prague"]
[Date "2024.08.29"]
[Round "7.2"]
[White "Pidluznij, Gleb"]
[Black "Shamatava, Nikolozi"]
[Result "0-1"]
[ECO "B10"]
[WhiteElo "2414"]
[BlackElo "2196"]
[Annotator "RC"]
[PlyCount "78"]
[EventDate "2024.08.19"]
[EventType "swiss"]
[EventCountry "CZE"]
[SourceTitle "playchess.com"]
[Source "ChessBase"]
[SourceQuality "1"]
[TimeControl "5400+30"]

1. e4 c6 2. Nf3 d5 3. d3 Qc7 4. exd5 cxd5 5. c4 Nf6 6. Nc3 e6 7. a3 Bd7 8. g3 Be7 9. Bg2 O-O 10. Bf4 Qb6 11. b4 Nc6 12. c5 Qd8 13. d4 Ne4 14. Ne2 f5 15. h4 Be8 16. Ne5 a5 17. f3 Nf6 18. O-O Nh5 19. Nxc6 Bxc6 20. Be5 Bb5 21. Re1 axb4 22. axb4 Rxa1 23. Qxa1 Bxe2 24. Rxe2 f4 25. g4 Ng3 26. Rc2 Bxh4 27. b5 h5 28. Bh3 Bf6 29. Bxf4 h4 30. Kg2 Bg5 31. Be5 Bf4 32. Bxf4 Rxf4 33. c6 bxc6 34. bxc6 Rf7 35. Qc3 Qc7 36. Kg1 g6 37. Qe3 Qa7 38. Kg2 Qa4 39. Rf2 Qd1 0-1

[Event "EYCC O18-ch 2024"]
[Site "Prague"]
[Date "2024.08.29"]
[Round "7.2"]
[White "Pasztor, Balazs"]
[Black "Koutlas, Nikolaos"]
[Result "1-0"]
[ECO "B90"]
[WhiteElo "2402"]
[BlackElo "2322"]
[Annotator "RC"]
[PlyCount "121"]
[EventDate "2024.08.19"]
[EventType "swiss"]
[EventCountry "CZE"]
[SourceTitle "playchess.com"]
[Source "ChessBase"]
[SourceQuality "1"]
[TimeControl "5400+30"]

1. e4 c5 2. Nf3 d6 3. d4 cxd4 4. Nxd4 Nf6 5. Nc3 a6 6. h3 e5 7. Nf3 h6 8. Nh2 Be6 9. Ng4 Nbd7 10. Ne3 Nc5 11. Bd3 Be7 12. O-O O-O 13. a4 b5 14. b4 Nxd3 15. Qxd3 a5 16. bxa5 b4 17. Ncd5 Nxd5 18. exd5 Bc8 19. Qb3 Bg5 20. Qxb4 Bxe3 21. Bxe3 Bf5 22. c4 Qf6 23. Ra3 Qg6 24. Bb6 Bd3 25. Rc1 Rfc8 26. Rac3 e4 27. Qa3 f5 28. c5 f4 29. cxd6 Rxc3 30. Qxc3 Qxd6 31. Qc6 Qxc6 32. Rxc6 e3 33. fxe3 fxe3 34. d6 e2 35. Rc1 Bf5 36. Re1 Re8 37. a6 Bd7 38. a7 Bc6 39. a5 Kf7 40. Kf2 g6 41. g3 Bb5 42. Bc7 Kf6 43. Bb8 Bc6 44. Rxe2 Rxe2+ 45. Kxe2 Ke6 46. Ke3 Ba8 47. Kd4 Bg2 48. Bc7 Ba8 49. a6 Bg2 50. Kc5 Kd7 51. Ba5 Ba8 52. g4 h5 53. gxh5 gxh5 54. h4 Ke6 55. Bb4 Bh1 56. Kd4 Bc6 57. Ke3 Kd7 58. Kf4 Ke6 59. Kg5 Bf3 60. Bc5 Kd7 61. a8=Q 1-0